 Dungeon Crawl Stone Soup version 0.30-a0-219-gf2db51d15e (webtiles) character file.

Game seed: 14845146094041445006

68 chippings the Stinger (level 4, -31/37 HPs)
             Began as a Naga Venom Mage on Oct 6, 2022.
             Was an Initiate of Vehumet.
             Annihilated by an ogre
             ... wielding a +0 giant spiked club
              (37 damage)
             ... on level 3 of the Dungeon.
             The game lasted 00:07:11 (1982 turns).

chippings the Stinger (Naga Venom Mage)             Turns: 1982, Time: 00:07:11

Health: -31/37     AC:  3    Str: 13    XL:     4   Next: 19%
Magic:  5/7        EV:  6    Int: 15    God:    Vehumet [......]
Gold:   74         SH: 11    Dex: 11    Spells: 6/7 levels left

rFire   + . .      SeeInvis +    f - +0 dagger
rCold   . . .      Faith    .    l - +1 tower shield
rNeg    . . .      Spirit   .    a - +0 robe
rPois   +          Reflect  .    j - +0 helmet
rElec   .          Harm     .    (no cloak)
rCorr   .          Rampage  .    (no gloves)
Will    .....                    (no barding)
Stlth   ++........               (no amulet)
HPRegen 0.26/turn                h - ring of fire
MPRegen 0.10/turn                i - ring of protection from cold

@: very slightly contaminated, very slow
A: AC +1, large, see invisible, deformed body, poison resistance, slowness 2,
spit poison 1, naga tail 1
a: Spit Poison, Renounce Religion


You were on level 3 of the Dungeon.
You worshipped Vehumet.
Vehumet was noncommittal.
You visited 1 branch of the dungeon, and saw 3 of its levels.

You collected 74 gold pieces.

Inventory:

Hand Weapons
 f - a +0 dagger (weapon)
Armour
 a - a +0 robe (worn)
 j - a +0 helmet (worn)
 l - a +1 tower shield (worn)
 m - a +0 chain mail
 n - a +0 ring mail
Jewellery
 h - a ring of fire (left hand)
 i - a ring of protection from cold (right hand)
Scrolls
 c - 3 scrolls of identify
Potions
 b - a potion of magic
 d - 2 potions of mutation {unknown}
 e - a potion of invisibility {unknown}
 g - 3 potions of curing
 k - a potion of flight


   Skills:
 + Level 0.5 Fighting
 - Level 2.0 Dodging
 + Level 3.9 Stealth
 * Level 0.6 Shields
 + Level 2.4 Spellcasting
 + Level 1.8 Transmutations
 + Level 4.5 Poison Magic


You had 6 spell levels left.
You knew the following spells:

 Your Spells              Type           Power      Damage    Failure   Level
a - Sting                 Tmut/Pois      44%        1d5       45%         1

Your spell library contained the following spells:

 Spells                   Type           Power      Damage    Failure   Level
 Poisonous Vapours        Pois/Air       16%        N/A       75%         2
 Olgreb's Toxic Radiance  Pois           15%        N/A       96%         4
 Mephitic Cloud           Conj/Pois/Air  6%         N/A       97%         3


Dungeon Overview and Level Annotations

Branches:
Dungeon (3/15)

Altars:
Vehumet

Shops:
D:2 [


Innate Abilities, Weirdness & Mutations

Your serpentine skin is tough. (AC +1)
You have supernaturally acute eyesight. (SInv)
Armour fits poorly on your strangely shaped body.
Your system is resistant to poisons. (rPois)
You cover ground very slowly.
You can spit poison.
You have a snake-like lower body.


Message History

Casting: Sting (safe; 45% risk of failure)
Confirm with . or Enter, or press ? or * to list all spells.
You can't see any susceptible monsters within range! (Use Z to cast anyway.) Unknown command.
Casting: Sting (safe; 45% risk of failure)
Confirm with . or Enter, or press ? or * to list all spells.
Aiming: Sting (safe; 45% risk of failure)
Press: ? - help, Shift-Dir - straight line, f/p - ogre
Aim: an ogre, wielding a +0 giant spiked club (86% to hit)
You miscast Sting.
You are very lightly contaminated with residual magic.
Nothing appears to happen.
You have got your breath back.
Aiming: Spit Poison (1% risk of failure)
Press: ? - help, Shift-Dir - straight line, f/p - ogre
Aim: an ogre, wielding a +0 giant spiked club (81% to hit)
The splash of poison hits the ogre.
The ogre is poisoned.
The ogre is lightly wounded.
You hit the ogre.
The ogre is moderately wounded.
The ogre hits you with a +0 giant spiked club!!
Ouch! That really hurt!
* * * LOW HITPOINT WARNING * * *
Okay, then.
Okay, then.
Casting: Sting (safe; 45% risk of failure)
Confirm with . or Enter, or press ? or * to list all spells.
Aiming: Sting (safe; 45% risk of failure)
Press: ? - help, Shift-Dir - straight line, f/p - ogre
Aim: an ogre, wielding a +0 giant spiked club (moderately wounded, poisoned, 86% to hit)
You miscast Sting.
Nothing appears to happen.
The ogre barely misses you.
Unknown command.
You hit the ogre.
The ogre is moderately wounded.
You closely miss the ogre.
The ogre is moderately wounded.
You have got your breath back.
The ogre hits you with a +0 giant spiked club!!!
Ouch! That really hurt!
You die...

..................!......$
.>....
.###.#.##.....!..........
.... .# #.#.#
............... .# #.#.#
..# #...#.#.# .#
#.#.##...###.......####
.###........ #............
.......##... #............
.###..## #..O.#.######
.###..###...##..@...####
.........................
.###..####..####..#.#####
.###..............#.#
............#####.#.#####
..............?..........
####.#####..#####.#.#######
.......................<...
##########..#####.#.#######


You could see an ogre (poisoned).

Vanquished Creatures
  An adder (D:2)
  3 worms
  A dart slug (D:3)
  8 ball pythons
  5 bats
  5 endoplasms
  2 giant cockroaches (D:1)
  6 goblins
  4 jackals (D:3)
  A quokka (D:1)
  A frilled lizard (D:3)
  2 kobolds
  4 rats
43 creatures vanquished.

Notes
Turn   | Place    | Note
-------+----------+-------------------------------------------
     0 | D:1      | chippings the Naga Venom Mage began the quest for the Orb.
     0 | D:1      | Reached XP level 1. HP: 15/15 MP: 3/3
   249 | D:1      | Reached XP level 2. HP: 21/22 MP: 5/5
   541 | D:1      | Found a faded altar of an unknown god.
   784 | D:2      | Reached XP level 3. HP: 25/28 MP: 4/6
  1057 | D:2      | Found Saddecej's Armour Shoppe.
  1631 | D:3      | Found a radiant altar of Vehumet.
  1642 | D:3      | Became a worshipper of Vehumet
  1696 | D:3      | Reached XP level 4. HP: 34/37 MP: 7/7
  1971 | D:3      | Noticed an ogre
  1982 | D:3      | Annihilated by an ogre

Illustrated notes

Levels and vault maps discovered:
D:1:      evilmike_arrival_plus, layout_basic, shapermc_ecumenical_altar_ellora
D:2:      layout_rooms, serial_shops, shop
D:3:      layout_basic, lemuel_round_altar, mainiacjoe_overflow_two_lobes

Skill      XL: |  1  2  3 |
---------------+----------+-----
Dodging        | 2 |  2.0
Fighting       | |  0.5
Stealth        | |  3.9
Shields        | |  0.6
Spellcasting   | |  2.4
Transmutations | |  1.8
Poison Magic   | |  4.5

Action                   |  1- 3 |  4- 6 || total
-------------------------+-------+-------++-------
Melee: Unarmed           |    10 |       ||    10
       Dagger            |   121 |    44 ||   165
 Cast: Sting             |     6 |       ||     6
 Abil: Spit Poison       |    13 |     7 ||    20
  Use: Scroll            |     6 |       ||     6
 Stab: Distracted        |     1 |       ||     1
       Sleeping          |     6 |       ||     6
Armor: Robe              |    22 |    11 ||    33
Dodge: Dodged            |    62 |     6 ||    68
Block: Tower shield      |    33 |    27 ||    60

Table legend: (Time is in decaauts)
 A = Elapsed time spent in this place.
 B = Non-inter-level travel time spent in this place.
 C = Inter-level travel time spent in this place.
 D = Time resting spent in this place.
 E = Time spent auto-exploring this place.
 F = Levels seen in this place.
 G = Mean time per level.
                   A        B        C        D        E       F      G
               +--------+--------+--------+--------+--------+-----+--------+
         Total |   2545 |   2505 |     40 |      0 |   1564 |   3 |  848.3 |
       Dungeon |   2545 |   2505 |     40 |      0 |   1564 |   3 |  848.3 |
               +--------+--------+--------+--------+--------+-----+--------+

Top non-repeatable levels by time:
     D:1: 908 daAuts
     D:2: 838 daAuts
     D:3: 798 daAuts
